 Dungeon Crawl Stone Soup version 0.27-a0-34-gc18c9092ac (webtiles) character file.

Game seed: 14913114015750272741

35 HoaS the Ruffian (level 3, 0/35 HPs)
             Began as a Troll Gladiator on Jan 4, 2021.
             Slain by Sigmund
             ... wielding a +0 scythe
              (4 damage)
             ... on level 2 of the Dungeon.
             The game lasted 00:03:26 (825 turns).

HoaS the Ruffian (Troll Gladiator)                   Turns: 825, Time: 00:03:26

Health: 0/35       AC:  6    Str: 22    XL:     3   Next: 17%
Magic:  2/2        EV: 10    Int:  4    God:
Gold:   90         SH:  0    Dex: 12    Spells: 2/2 levels left

rFire    . . .     SeeInvis .     - Unarmed
rCold    . . .     Faith    .   (no shield)
rNeg     . . .     Spirit   .   a - +0 robe
rPois    .         Reflect  .   b - +0 hat
rElec    .         Harm     .   (no cloak)
rCorr    .         Rampage  .   (gloves unavailable)
Will     .....                  (boots unavailable)
Stlth    +.........             (no amulet)
HPRegen  0.51/turn              (no ring)
MPRegen  0.08/turn              (no ring)

@: no status effects
A: large, unfitting armour, claws 3, regeneration 1, shaggy fur 1, tough skin 3
a: no special abilities


You were on level 2 of the Dungeon.
You visited 1 branch of the dungeon, and saw 2 of its levels.

You collected 90 gold pieces.

Inventory:

Missiles
 c - a throwing net (quivered)
 f - 13 poisoned darts
Armour
 a - a +0 robe (worn)
 b - a +0 hat (worn)
Scrolls
 g - 4 scrolls of remove curse
 h - a scroll of blinking {unknown}
Potions
 d - a potion of mutation {unknown}
 e - 3 potions of curing {unknown}
 i - a potion of invisibility {unknown}


   Skills:
 + Level 2.0 Fighting
 + Level 2.2 Throwing
 - Level 2.4 Dodging
 * Level 3.7 Unarmed Combat


You had 2 spell levels left.
You didn't know any spells.
Your spell library was empty.

Dungeon Overview and Level Annotations

Branches:
Dungeon (2/15)

Altars:

Annotations:
D:2 Sigmund


Innate Abilities, Weirdness & Mutations

You are too large for most types of armour.
You have claws for hands.
Your natural rate of healing is unusually fast.
You are covered in fur. (AC +1)
You have extremely tough skin. (AC +3)


Message History

The bat hits you.
You closely miss the bat. The bat completely misses you.
Sigmund hits you but does no damage. The bat closely misses you.
You barely miss Sigmund. The bat hits you. Sigmund hits you but does no damage.
The bat hits you but does no damage.
You claw Sigmund!
Sigmund is moderately wounded.
The bat completely misses you. Sigmund barely misses you.
You claw Sigmund!
Sigmund is heavily wounded.
The bat hits you but does no damage. The bat closely misses you.
You barely miss Sigmund.
Sigmund is heavily wounded.
The bat hits you but does no damage. Sigmund hits you with a +0 scythe!
* * * LOW HITPOINT WARNING * * *
You barely miss Sigmund.
Sigmund is heavily wounded.
The bat hits you but does no damage. Sigmund hits you with a +0 scythe.
You die...

##.... #...#.
###*#### #.....
#..,,..# #....#
####.#**#.###.#...
##.##.####.##..#...
##...#.##...........
#....b[...#.####...#
##.@)#.####.# #....
##@##......# #..#†
#.######### #....
#.# #.#..
*#.#**********#....
*.(.,,,*,,,,...#...
*.#.**,*,,,,...#...
*.*.**,*,,,,.,,#...
*,*,,,,*,,,*,,.....


You could see Sigmund and a bat.

Vanquished Creatures
  A dart slug (D:1)
  2 worms (D:2)
  A leopard gecko (D:1)
  6 bats (D:1)
  A giant cockroach (D:2)
  3 hobgoblins
  4 jackals (D:2)
  A quokka (D:2)
  A ball python (D:2)
  A frilled lizard (D:2)
  3 kobolds
  2 rats
26 creatures vanquished.

Notes
Turn   | Place    | Note
-------+----------+-------------------------------------------
     0 | D:1      | HoaS the Troll Gladiator began the quest for the Orb.
     0 | D:1      | Reached XP level 1. HP: 19/19 MP: 0/0
   362 | D:1      | Reached XP level 2. HP: 23/28 MP: 1/1
   612 | D:2      | Lost intelligence.
   765 | D:2      | Reached XP level 3. HP: 33/35 MP: 2/2
   810 | D:2      | Noticed Sigmund
   825 | D:2      | Slain by Sigmund

Illustrated notes

Levels and vault maps discovered:
D:1:      minmay_arrival_stair_chambers, layout_basic
D:2:      layout_loops_cross, minmay_misc_feat_more_columns, uniq_sigmund,
          uniq_terence

Skill      XL: |  1  2 |
---------------+-------+-----
Throwing       | 2 |  2.2
Fighting       | 2 |  2.0
Dodging        | |  2.4
Unarmed Combat | |  3.7

Action                   || total
-------------------------++-------
Melee: Unarmed           ||   100
Throw: Throwing net      ||     3
  Use: Scroll            ||     5
 Stab: Sleeping          ||     3
Armor: Robe              ||    55
Dodge: Dodged            ||    64

Table legend: (Time is in decaauts)
 A = Elapsed time spent in this place.
 B = Non-inter-level travel time spent in this place.
 C = Inter-level travel time spent in this place.
 D = Time resting spent in this place.
 E = Time spent auto-exploring this place.
 F = Levels seen in this place.
 G = Mean time per level.
                   A        B        C        D        E       F      G
               +--------+--------+--------+--------+--------+-----+--------+
         Total |    830 |    784 |     46 |      0 |    578 |   2 |  415.0 |
       Dungeon |    830 |    784 |     46 |      0 |    578 |   2 |  415.0 |
               +--------+--------+--------+--------+--------+-----+--------+

Top non-repeatable levels by time:
     D:1: 604 daAuts
     D:2: 225 daAuts
